 Dungeon Crawl Stone Soup version 0.31-a0-145-g046c7d2549 (webtiles) character file.

Game seed: 14340955305686521572

28116 qw the Marksminotaur (level 13, -12/119 HPs)
             Began as a Minotaur Hunter on June 7, 2023.
             Was an Elder of Okawaru.
             Mangled by a six-headed hydra (13 damage)
             ... on level 4 of the Lair of Beasts.
             The game lasted 00:06:15 (12906 turns).

qw the Marksminotaur (Minotaur Hunter)             Turns: 12906, Time: 00:06:16

Health: -12/119    AC: 10    Str: 22    XL:     13   Next: 8%
Magic:  17/18      EV: 23    Int:  6    God:    Okawaru [****..]
Gold:   545        SH:  0    Dex: 20    Spells: 12/12 levels left

rFire   + . .        Y - +1 orcbow
rCold   . . .        (shield currently unavailable)
rNeg    . . .        b - +0 steam dragon scales
rPois   +            (helmet restricted)
rElec   .            n - +0 cloak
rCorr   +            (no gloves)
SInv    +            l - +0 pair of boots
Will    .....        (no amulet)
Stlth   ++++         i - ring of see invisible
HPRegen 0.39/turn    c - ring "Beuwox" {rPois rF+ rCorr Str+7 Stlth+}
MPRegen 0.16/turn

%: no passive effects
@: heroic
A: horns 2, retaliatory headbutt
a: Renounce Religion, Heroism, Finesse


You were on level 4 of the Lair of Beasts.
You worshipped Okawaru.
Okawaru was greatly pleased with you.
You visited 3 branches of the dungeon, and saw 13 of its levels.
You also visited: Sewer and Ossuary.

You collected 635 gold pieces.
You spent 90 gold pieces at shops.


Innate Abilities, Weirdness & Mutations

You have a pair of horns on your head.
You reflexively headbutt those who attack you in melee.


   Skills:
 + Level 12.7(17.7) Fighting
 - Level 16.1(21.1) Ranged Weapons
 - Level 6.0(11.0) Armour
 - Level 10.0(15.0) Dodging
 - Level 0.7(5.7) Stealth
 + Level 9.2 Invocations


You had 12 spell levels left.
You didn't know any spells.
Your spell library was empty.

Inventory:

Hand Weapons
 Y - a +1 orcbow (weapon)
Armour
 b - +0 steam dragon scales (worn)
 g - +0 acid dragon scales
 h - the +0 pair of boots of Xemom {+Blink rN+++ rCorr Dex-2}
   (You acquired it on level 4 of the Lair of Beasts)

   Dex:       It affects your dexterity (-2).
   rN:        It renders you almost immune to negative energy.
   +Blink:    It lets you blink.
   rCorr:     It protects you from acid and corrosion.
 l - a +0 pair of boots (worn)
 m - a +0 ring mail of fire resistance
 n - a +0 cloak (worn)
Jewellery
 c - the ring "Beuwox" (right hand) {rPois rF+ rCorr Str+7 Stlth+}
   (You found it on level 4 of the Dungeon)

   [ring of protection from fire]

   Str:       It affects your strength (+7).
   rF:        It protects you from fire.
   rPois:     It protects you from poison.
   rCorr:     It protects you from acid and corrosion.
   Stlth:     It makes you more stealthy.
 i - a ring of see invisible (left hand)
 j - a ring of resist corrosion
Scrolls
 d - 4 scrolls of identify
Potions
 a - 2 potions of curing
 e - a potion of might
 o - a potion of resistance

Dungeon Overview and Level Annotations

Branches:
Dungeon (8/15)             Temple (1/1) D:7            Lair (4/5) D:8
 Shoals (0/4) Lair:3        Snake (0/4) Lair:2        Sewer (visited)
Ossuary (visited)
  Slime: Lair:4-5

Altars:
Ashenzari
Cheibriados
Dithmenos
Elyvilon
Fedhas
Gozag
Hepliaklqana
Kikubaaqudgha
Makhleb
Nemelex Xobeh
Okawaru
Qazlal
Ru
Sif Muna
Trog
Uskayaw
Vehumet
Xom
Yredelemnul
Zin

Annotations:
Lair:1 3 runed translucent doors, Olid's ghost, journeyman DrCj


Message History

The six-headed hydra completely misses you.
The six-headed hydra bites you but does no damage.
The six-headed hydra misses you.
Enter note:
Enter note:
Enter note:
Enter note:
Enter note:
Enter note:
Enter note:
Enter note: You shoot an arrow.
The arrow hits the six-headed hydra!
The six-headed hydra is lightly wounded.
The six-headed hydra bites you.
The six-headed hydra bites you but does no damage.
The six-headed hydra bites you.
The six-headed hydra bites you but does no damage.
The six-headed hydra bites you!
The six-headed hydra bites you but does no damage.
You shoot an arrow. The arrow hits the six-headed hydra!!
The six-headed hydra is moderately wounded.
The six-headed hydra bites you.
The six-headed hydra completely misses you.
The six-headed hydra closely misses you. x3
The six-headed hydra bites you!
You shoot an arrow. The arrow hits the six-headed hydra!
The six-headed hydra is heavily wounded.
You shoot an arrow.
The arrow barely misses the six-headed hydra.
The six-headed hydra misses you.
The six-headed hydra bites you but does no damage.
The six-headed hydra misses you.
The six-headed hydra closely misses you.
The six-headed hydra bites you but does no damage. x2
You shoot an arrow. The arrow hits the six-headed hydra!
The six-headed hydra is heavily wounded.
The six-headed hydra bites you! The six-headed hydra misses you.
The six-headed hydra bites you but does no damage.
The six-headed hydra bites you!
You die...

^....##..## #D# ##### .....##P.#
77.77#7...7#.. ...).#...#
7P~~~#.777.#.# .....##..#
#7~P77#.7 7.#.# ......##.# #~777
#.777.#.# .....##..# #7~P7
#7...7#.# .....###.#
7P~77#7...7#.#
......##.#77.777777~77.777.#.#
.....###.%...7..@D.~...7 7...##
......##.# 7.7~.~~~7.777.#..#
.....##..# 7 #~77~7#7...7#%.###
....%##..# #~7777#7...7#.PP##
....%....# #~7 #.777.#%..<.
.........# #7~ #.7 7.#.....
.........# P #.777.#.....
.........# 7 #7...7#.....
...).....###################.....


You could see a six-headed hydra.

Vanquished Creatures
  Nessos (Lair:4)
  4 hydras
  A two-headed ogre (D:7)
  A skyshark (Lair:3)
  3 lindwurms (Lair:3)
  7 elephants (Lair:1)
  6 black mambas
  A water nymph (Lair:3)
  A torpor snail (Lair:4)
  6 cane toads
  2 rime drakes
  3 komodo dragons
  14 blink frogs
  21 yaks
  3 wyverns
  A wraith (D:5)
  4 basilisks
  A steam dragon (Lair:1)
  12 water moccasins
  An acid dragon (D:8)
  3 orc warriors (D:7)
  4 sky beasts
  7 black bears
  2 ice beasts
  Pargi (Sewer)
  2 ogres
  2 centaurs
  13 wolves
  2 phantoms
  2 kobold brigands
  15 bullfrogs
  4 scorpions
  5 wights (D:8)
  5 howler monkeys
  3 electric eels (Lair:1)
  A vampire bat (D:3)
  2 lava snakes (Lair:1)
  2 hounds (D:5)
  A jelly (D:5)
  4 orc priests
  2 gnoll boudas
  Jessica (D:2)
  2 iguanas
  4 sleepcaps
  5 orc wizards
  13 hell rats
  12 gnolls
  9 adders
  2 river rats (D:3)
  A shadow imp (D:8)
  A white imp (D:6)
  2 ufetubi
  A worm (D:3)
  A dart slug (D:1)
  3 fire bats (D:3)
  24 orcs
  2 spectral bats (D:3)
  12 ball pythons
  20 bats
  3 bat skeletons (D:3)
  A bat zombie (D:3)
  15 endoplasms
  A giant cockroach (D:3)
  11 goblins
  11 hobgoblins
  2 jackals (Sewer)
  6 quokkas
  A bat simulacrum (D:3)
  2 frilled lizards
  4 hobgoblin zombies (Ossuary)
  17 kobolds
  10 kobold zombies (Ossuary)
  6 orc zombies (Ossuary)
  9 rats
389 creatures vanquished.

Notes
Turn   | Place    | Note
-------+----------+-------------------------------------------
     0 | D:1      | qw the Minotaur Hunter began the quest for the Orb.
     0 | D:1      | Reached XP level 1. HP: 18/18 MP: 0/0
     0 | D:1      | 0 ||| qw: Version: 0.2-a-117-gc6b5c8b
     0 | D:1      | 0 ||| qw: Game counter: 2473
     0 | D:1      | 0 ||| qw: Always use a shield: true
     0 | D:1      | 0 ||| qw: God list: Okawaru
     0 | D:1      | 0 ||| qw: Allow faded altars: false
     0 | D:1      | 0 ||| qw: Do Orc after D:15 true
     0 | D:1      | 0 ||| qw: Do second Lair branch before Depths: true
     0 | D:1      | 0 ||| qw: Lair rune preference: random
     0 | D:1      | 0 ||| qw: Plans: Normal
     0 | D:1      | 0 ||| PLANNING D:1-11
   133 | D:1      | Reached XP level 2. HP: 25/25 MP: 1/1
   141 | D:1      | Reached skill level 5 in Ranged Weapons
   196 | D:1      | Reached skill level 3 in Fighting
   262 | D:1      | Reached XP level 3. HP: 31/31 MP: 2/2
   494 | D:1      | 494 ||| UPGRADING to +0 ring mail.
   504 | D:1      | 504 ||| DROPPING +0 leather armour.
   505 | D:1      | 505 ||| UPGRADING to ring of see invisible.
   506 | D:1      | 506 ||| READING scroll labelled BUROMMUTZI.
   507 | D:1      | 507 ||| DROPPING scroll of butterflies.
   566 | D:2      | Reached skill level 1 in Armour
   580 | D:2      | Noticed Jessica
   590 | D:2      | Killed Jessica
   591 | D:2      | Reached skill level 6 in Ranged Weapons
   591 | D:2      | Reached XP level 4. HP: 21/38 MP: 3/3
  1086 | D:2      | 1086 ||| UPGRADING to +0 pair of boots.
  1091 | D:2      | 1091 ||| READING scroll labelled SOALOETOLE.
  1092 | D:2      | 1092 ||| READING scroll labelled IDOBRI HUORGH.
  1093 | D:2      | 1093 ||| READING scroll labelled QITSAEDWEL.
  1094 | D:2      | 1094 ||| READING scroll labelled ATAUPR ULIUCSE.
  1095 | D:2      | 1095 ||| READING scroll labelled HIYJIE EKHAGG.
  1196 | D:2      | 1196 ||| READING scroll labelled WITI WI CAWOTS.
  1197 | D:2      | 1197 ||| READING scroll labelled JYEXTI SO KUQ.
  1199 | D:2      | 1199 ||| Stepping ~*~*~tactically~*~*~ (cloud).
  1298 | D:3      | 1298 ||| PLANNING SEWER
  1332 | D:3      | Found an opulent altar of Gozag.
  1368 | D:3      | Reached XP level 5. HP: 46/46 MP: 4/4
  1455 | D:3      | Found a glowing drain.
  1456 | D:3      | 1456 ||| READING scroll labelled OFAROZIMUPN.
  1464 | D:3      | 1464 ||| Stepping ~*~*~tactically~*~*~ (water).
  1474 | Sewer    | Entered a sewer
  1480 | Sewer    | 1480 ||| Stepping ~*~*~tactically~*~*~ (water).
  1528 | Sewer    | Noticed Pargi
  1539 | Sewer    | Killed Pargi
  1540 | Sewer    | Reached skill level 7 in Ranged Weapons
  1587 | Sewer    | 1587 ||| READING scroll labelled FUXZUA VUCWYO.
  1588 | Sewer    | 1588 ||| DRINKING 2 sapphire potions.
  1589 | Sewer    | 1589 ||| DRINKING 2 emerald potions.
  1590 | Sewer    | 1590 ||| DROPPING potion of brilliance.
  1620 | D:3      | 1620 ||| PLANNING D:1-11
  1675 | D:3      | Reached XP level 6. HP: 52/52 MP: 5/5
  1784 | D:3      | Reached skill level 8 in Ranged Weapons
  2041 | D:3      | Found a faded altar of an unknown god.
  2215 | D:3      | 2215 ||| READING scroll labelled HOPHOTRIZ DITE.
  2220 | D:3      | 2220 ||| READING scroll labelled QUTZAO EMNERGH.
  2221 | D:3      | 2221 ||| DRINKING 2 bubbling ruby potions.
  2222 | D:3      | 2222 ||| DROPPING potion of invisibility.
  2233 | D:4      | Reached XP level 7. HP: 57/61 MP: 6/6
  2234 | D:4      | 2234 ||| STAIRDANCE
  2273 | D:4      | 2273 ||| STAIRDANCE
  2276 | D:3      | Reached skill level 3 in Dodging
  2342 | D:4      | Identified the ring "Beuwox" {rPois rF+ rCorr Str+7 Stlth+}
  2361 | D:4      | 2361 ||| FLEEEEING.
  2362 | D:4      | 2362 ||| FLEEEEING.
  2363 | D:4      | 2363 ||| FLEEEEING.
  2364 | D:4      | 2364 ||| FLEEEEING.
  2365 | D:4      | 2365 ||| FLEEEEING.
  2367 | D:4      | 2367 ||| FLEEEEING.
  2368 | D:4      | 2368 ||| FLEEEEING.
  2369 | D:4      | 2369 ||| FLEEEEING.
  2370 | D:4      | 2370 ||| FLEEEEING.
  2371 | D:4      | 2371 ||| FLEEEEING.
  2372 | D:4      | 2372 ||| FLEEEEING.
  2373 | D:4      | 2373 ||| STAIRDANCE
  2413 | D:3      | 2413 ||| DROPPING ring of magical power.
  2414 | D:3      | 2414 ||| UPGRADING to ring "Beuwox" {rPois rF+ rCorr Str+7
                  | Stlth+}.
  2432 | D:4      | Reached skill level 9 in Ranged Weapons
  2464 | D:4      | 2464 ||| READING scroll of enchant weapon.
  2464 | D:4      | 2464 ||| ENCHANTING +1 shortbow of draining.
  2508 | D:4      | Reached skill level 6 in Fighting
  2515 | D:4      | Reached XP level 8. HP: 70/70 MP: 7/7
  2587 | D:4      | 2587 ||| READING scroll of enchant weapon.
  2587 | D:4      | 2587 ||| ENCHANTING +2 shortbow of draining.
  2860 | D:4      | 2860 ||| READING scroll of enchant weapon.
  2860 | D:4      | 2860 ||| ENCHANTING +3 shortbow of draining.
  2979 | D:4      | 2979 ||| DROPPING ring of flight.
  2980 | D:4      | 2980 ||| READING scroll labelled VUARPH VISOR.
  2987 | D:5      | Entered Level 5 of the Dungeon
  2991 | D:5      | Reached skill level 10 in Ranged Weapons
  3029 | D:5      | 3029 ||| READING scroll of enchant weapon.
  3029 | D:5      | 3029 ||| ENCHANTING +4 shortbow of draining.
  3114 | D:5      | Found a shadowy altar of Dithmenos.
  3440 | D:5      | 3440 ||| DRINKING 2 bubbling puce potions.
  3460 | D:6      | 3460 ||| PLANNING OSSUARY
  3478 | D:6      | 3478 ||| READING scroll of enchant weapon.
  3478 | D:6      | 3478 ||| ENCHANTING +5 shortbow of draining.
  3528 | D:6      | Found a stormy altar of Qazlal.
  3645 | D:6      | Reached skill level 11 in Ranged Weapons
  3693 | D:6      | Reached skill level 3 in Armour
  3693 | D:6      | Reached XP level 9. HP: 79/79 MP: 8/8
  3768 | D:6      | Found a sand-covered staircase.
  3769 | D:6      | 3769 ||| UPGRADING to +0 ring mail of fire resistance.
  3779 | D:6      | 3779 ||| DROPPING +0 ring mail.
  3780 | D:6      | 3780 ||| DRINKING 2 ruby potions.
  3781 | D:6      | 3781 ||| DRINKING 2 murky black potions.
  3782 | D:6      | 3782 ||| DROPPING potion of attraction.
  3784 | D:6      | Found Zin's Purification Station.
  3791 | Ossuary  | Entered an ossuary
  3888 | D:6      | 3888 ||| PLANNING D:1-11
  3909 | D:6      | Found a glowing silver altar of Zin.
  3921 | D:6      | 3921 ||| BUYING potion of curing (90 gold).
  3921 | D:6      | Bought a potion of curing for 90 gold pieces
  4179 | D:6      | 4179 ||| READING 2 scrolls of identify.
  4179 | D:6      | 4179 ||| IDENTIFYING murky amethyst potion
  4180 | D:6      | 4180 ||| DROPPING potion of degeneration.
  4392 | D:7      | Found a staircase to the Ecumenical Temple.
  4393 | D:7      | 4393 ||| PLANNING TEMPLE
  4404 | Temple   | Entered the Ecumenical Temple
  4405 | Temple   | 4405 ||| PLANNING OKAWARU WORSHIP
  4443 | Temple   | Became a worshipper of Warmaster Okawaru
  4443 | Temple   | 4443 ||| PLANNING D:1-11
  4514 | D:7      | Reached skill level 12 in Ranged Weapons
  4678 | D:7      | 4678 ||| Stepping ~*~*~tactically~*~*~ (outnumbered).
  4690 | D:7      | 4690 ||| FLEEEEING.
  4827 | D:7      | 4827 ||| SWAPPING to +0 orcbow.
  4828 | D:7      | 4828 ||| DROPPING +6 shortbow of draining.
  4884 | D:7      | 4884 ||| Stepping ~*~*~tactically~*~*~ (outnumbered).
  4964 | D:7      | Noticed a two-headed ogre
  4973 | D:7      | HP: 5/81 [two-headed ogre/+0 giant club (17)]
  4974 | D:7      | 4974 ||| READING 2 scrolls of teleportation.
  4974 | D:7      | Killed a two-headed ogre
  4974 | D:7      | Reached * piety under Okawaru
  4975 | D:7      | Reached skill level 13 in Ranged Weapons
  5393 | D:7      | Reached skill level 1 in Invocations
  5454 | D:7      | 5454 ||| INVOKING Heroism.
  5522 | D:7      | 5522 ||| READING scroll labelled BUCAGO CIGECH.
  5543 | D:8      | 5543 ||| STAIRDANCE
  5545 | D:8      | 5545 ||| STAIRDANCE
  5547 | D:7      | 5547 ||| DRINKING 2 potions of curing.
  5547 | D:7      | 5547 ||| (to cure confusion)
  5555 | D:8      | 5555 ||| STAIRDANCE
  5632 | D:8      | Reached XP level 10. HP: 88/88 MP: 10/10
  5740 | D:8      | Found a shimmering altar of Xom.
  5881 | D:8      | 5881 ||| Stepping ~*~*~tactically~*~*~ (outnumbered).
  5985 | D:8      | 5985 ||| Stepping ~*~*~tactically~*~*~ (outnumbered).
  5987 | D:8      | 5987 ||| Stepping ~*~*~tactically~*~*~ (outnumbered).
  5989 | D:8      | 5989 ||| Stepping ~*~*~tactically~*~*~ (outnumbered).
  5990 | D:8      | 5990 ||| Stepping ~*~*~tactically~*~*~ (outnumbered).
  5998 | D:8      | Reached skill level 6 in Dodging
  6138 | D:8      | 6138 ||| FLEEEEING.
  6139 | D:8      | 6139 ||| FLEEEEING.
  6178 | D:8      | 6178 ||| INVOKING Heroism.
  6182 | D:8      | Reached skill level 3 in Invocations
  6263 | D:8      | 6263 ||| INVOKING Heroism.
  6291 | D:8      | Reached skill level 9 in Fighting
  6303 | D:8      | 6303 ||| FLEEEEING.
  6304 | D:8      | 6304 ||| FLEEEEING.
  6305 | D:8      | 6305 ||| FLEEEEING.
  6306 | D:8      | 6306 ||| FLEEEEING.
  6307 | D:8      | 6307 ||| FLEEEEING.
  6308 | D:8      | 6308 ||| FLEEEEING.
  6309 | D:8      | 6309 ||| FLEEEEING.
  6310 | D:8      | 6310 ||| FLEEEEING.
  6311 | D:8      | 6311 ||| FLEEEEING.
  6312 | D:8      | 6312 ||| FLEEEEING.
  6314 | D:8      | 6314 ||| FLEEEEING.
  6315 | D:8      | 6315 ||| FLEEEEING.
  6316 | D:8      | 6316 ||| FLEEEEING.
  6317 | D:8      | 6317 ||| FLEEEEING.
  6322 | D:8      | 6322 ||| FLEEEEING.
  6323 | D:8      | 6323 ||| FLEEEEING.
  6328 | D:8      | 6328 ||| STAIRDANCE
  6357 | D:7      | 6357 ||| READING 2 scrolls of identify.
  6357 | D:7      | 6357 ||| IDENTIFYING clear potion
  6365 | D:8      | 6365 ||| STAIRDANCE
  6368 | D:7      | Reached ** piety under Okawaru
  6372 | D:7      | 6372 ||| INVOKING Heroism.
  6505 | D:8      | 6505 ||| INVOKING Heroism.
  6722 | D:8      | Found a staircase to the Lair.
  6873 | D:8      | 6873 ||| PLANNING LAIR
  6897 | Lair:1   | Entered Level 1 of the Lair of Beasts
  6902 | Lair:1   | 6902 ||| STAIRDANCE
  6970 | Lair:1   | Noticed a cane toad
  6971 | Lair:1   | 6971 ||| INVOKING Heroism.
  6972 | Lair:1   | Noticed a cane toad
  6977 | Lair:1   | Killed a cane toad
  6978 | Lair:1   | Reached skill level 14 in Ranged Weapons
  6982 | Lair:1   | Killed a cane toad
  7020 | Lair:1   | 7020 ||| DRINKING potion of cancellation.
  7034 | Lair:1   | Noticed an elephant
  7037 | Lair:1   | Noticed an elephant
  7042 | Lair:1   | Noticed a six-headed hydra
  7043 | Lair:1   | 7043 ||| INVOKING Heroism.
  7044 | Lair:1   | Noticed an elephant
  7049 | Lair:1   | Killed an elephant
  7058 | Lair:1   | Killed an elephant
  7058 | Lair:1   | Reached *** piety under Okawaru
  7061 | Lair:1   | 7061 ||| INVOKING Heroism.
  7067 | Lair:1   | Killed an elephant
  7068 | Lair:1   | Reached XP level 11. HP: 57/99 MP: 10/13
  7128 | Lair:1   | 7128 ||| FLEEEEING.
  7129 | Lair:1   | 7129 ||| FLEEEEING.
  7130 | Lair:1   | 7130 ||| FLEEEEING.
  7131 | Lair:1   | 7131 ||| FLEEEEING.
  7234 | Lair:1   | 7234 ||| INVOKING Heroism.
  7256 | Lair:1   | 7256 ||| Stepping ~*~*~tactically~*~*~ (outnumbered).
  7260 | Lair:1   | 7260 ||| INVOKING Heroism.
  7299 | Lair:1   | 7299 ||| INVOKING Heroism.
  7357 | Lair:1   | 7357 ||| INVOKING Heroism.
  7397 | Lair:1   | Found a runed translucent gate.
  7397 | Lair:1   | Found a runed translucent gate.
  7397 | Lair:1   | Noticed Olid's ghost (journeyman DrCj)
  7404 | Lair:1   | Noticed a death yak
  7409 | Lair:1   | 7409 ||| INVOKING Heroism.
  7419 | Lair:1   | Killed a six-headed hydra
  7420 | Lair:1   | Reached skill level 15 in Ranged Weapons
  7575 | Lair:1   | 7575 ||| INVOKING Heroism.
  7589 | Lair:1   | HP: 18/97 [cane toad (16)]
  7590 | Lair:1   | 7590 ||| READING scroll of teleportation.
  7591 | Lair:1   | 7591 ||| DRINKING 3 potions of heal wounds.
  7600 | Lair:1   | 7600 ||| INVOKING Heroism.
  7801 | Lair:1   | 7801 ||| INVOKING Heroism.
  8001 | Lair:1   | Found a runed translucent gate.
  8054 | Lair:1   | 8054 ||| INVOKING Heroism.
  8083 | Lair:1   | 8083 ||| INVOKING Heroism.
  8097 | Lair:1   | Reached skill level 16 in Ranged Weapons
  8551 | Lair:1   | 8551 ||| INVOKING Heroism.
  8575 | Lair:1   | 8575 ||| INVOKING Heroism.
  8780 | Lair:1   | 8780 ||| UPGRADING to +0 steam dragon scales.
  8828 | Lair:2   | Found a staircase to the Snake Pit.
  9071 | Lair:2   | 9071 ||| INVOKING Heroism.
  9198 | Lair:2   | 9198 ||| INVOKING Heroism.
  9338 | Lair:2   | Reached **** piety under Okawaru
  9389 | Lair:2   | 9389 ||| INVOKING Heroism.
  9591 | Lair:2   | 9591 ||| INVOKING Heroism.
  9605 | Lair:2   | Reached XP level 12. HP: 110/110 MP: 12/14
  9851 | Lair:2   | Reached skill level 9 in Dodging
 10285 | Lair:3   | 10285 ||| INVOKING Heroism.
 10321 | Lair:3   | 10321 ||| INVOKING Heroism.
 10341 | Lair:3   | Reached skill level 6 in Invocations
 10378 | Lair:3   | 10378 ||| INVOKING Heroism.
 10571 | Lair:3   | 10571 ||| INVOKING Heroism.
 10573 | Lair:3   | Reached skill level 12 in Fighting
 10744 | Lair:3   | Found a staircase to the Shoals.
 10869 | Lair:3   | 10869 ||| READING scroll of enchant weapon.
 10869 | Lair:3   | 10869 ||| ENCHANTING +0 orcbow.
 11080 | Lair:3   | 11080 ||| INVOKING Heroism.
 11104 | Lair:3   | Noticed a five-headed hydra
 11105 | Lair:3   | 11105 ||| FLEEEEING.
 11222 | Lair:3   | 11222 ||| INVOKING Heroism.
 11226 | Lair:3   | Killed a five-headed hydra
 11360 | Lair:3   | 11360 ||| INVOKING Heroism.
 11392 | Lair:3   | 11392 ||| FLEEEEING.
 11393 | Lair:3   | 11393 ||| FLEEEEING.
 11394 | Lair:3   | 11394 ||| FLEEEEING.
 11395 | Lair:3   | 11395 ||| FLEEEEING.
 11555 | Lair:3   | 11555 ||| UPGRADING to +0 cloak.
 11560 | Lair:3   | 11560 ||| DROPPING amulet of magic regeneration.
 11561 | Lair:3   | 11561 ||| READING 4 scrolls of identify.
 11561 | Lair:3   | 11561 ||| IDENTIFYING fuming inky potion
 11769 | Lair:4   | 11769 ||| INVOKING Heroism.
 11893 | Lair:4   | Noticed Nessos
 11897 | Lair:4   | 11897 ||| INVOKING Heroism.
 11904 | Lair:4   | HP: 28/112 [poisoned by Nessos]
 11905 | Lair:4   | 11905 ||| READING 4 scrolls of teleportation.
 11906 | Lair:4   | 11906 ||| DRINKING 3 potions of heal wounds.
 12128 | Lair:4   | 12128 ||| INVOKING Heroism.
 12142 | Lair:4   | Reached skill level 6 in Armour
 12242 | Lair:4   | 12242 ||| INVOKING Heroism.
 12243 | Lair:4   | 12243 ||| READING scroll labelled LAWKUO ULOKH.
 12243 | Lair:4   | Identified a scroll of acquirement
 12243 | Lair:4   | 12243 ||| ACQUIRING +0 pair of boots of Xemom {+Blink rN+++
                  | rCorr Dex-2}
 12243 | Lair:4   | Acquired the +0 pair of boots of Xemom {+Blink rN+++ rCorr
                  | Dex-2}
 12257 | Lair:4   | Noticed an eight-headed hydra
 12259 | Lair:4   | Noticed a six-headed hydra
 12259 | Lair:4   | Noticed a seven-headed hydra
 12265 | Lair:4   | 12265 ||| INVOKING Heroism.
 12284 | Lair:4   | Killed a seven-headed hydra
 12287 | Lair:4   | HP: 18/113 [eight-headed hydra (12)]
 12288 | Lair:4   | 12288 ||| READING 3 scrolls of teleportation.
 12288 | Lair:4   | HP: 6/113 [eight-headed hydra (9)]
 12289 | Lair:4   | 12289 ||| DRINKING 2 potions of heal wounds.
 12386 | Lair:4   | 12386 ||| INVOKING Heroism.
 12541 | Lair:4   | 12541 ||| INVOKING Heroism.
 12732 | Lair:4   | 12732 ||| INVOKING Heroism.
 12745 | Lair:4   | Reached XP level 13. HP: 77/119 MP: 16/18
 12803 | Lair:4   | 12803 ||| INVOKING Heroism.
 12811 | Lair:4   | HP: 27/119 [Nessos/arrow (13)]
 12812 | Lair:4   | 12812 ||| READING 2 scrolls of teleportation.
 12813 | Lair:4   | 12813 ||| DRINKING potion of heal wounds.
 12816 | Lair:4   | Killed Nessos
 12817 | Lair:4   | Reached skill level 9 in Invocations
 12825 | Lair:4   | HP: 29/119 [eight-headed hydra (12)]
 12826 | Lair:4   | 12826 ||| READING scroll of teleportation.
 12826 | Lair:4   | HP: 10/119 [eight-headed hydra (6)]
 12900 | Lair:4   | 12900 ||| INVOKING Heroism.
 12901 | Lair:4   | 12901 ||| Stepping ~*~*~tactically~*~*~ (water).
 12902 | Lair:4   | HP: 26/119 [six-headed hydra (6)]
 12903 | Lair:4   | HP: 8/119 [six-headed hydra (8)]
 12906 | Lair:4   | HP: 1/119 [six-headed hydra (7)]
 12906 | Lair:4   | Mangled by a six-headed hydra

Levels and vault maps discovered:
D:1:      dpeg_arrival_subterranean_lakeside_camping, layout_rooms,
          supply_closet_lemuel
D:2:      layout_rooms, solitary_fountain, minmay_hexomino_u4, uniq_jessica
D:3:      layout_loops_ring, nicolae_gozag_seed_capital,
          cheibrodos_sewer_entry_sluice, shapermc_ecumenical_altar_gd,
          goddamned_bats
D:4:      layout_cave_pools, minmay_manual_monstrance
D:5:      layout_gridville, mainiacjoe_overflow_small_starburst
D:6:      layout_basic, mainiacjoe_overflow_24_doors, zin_purify,
          lightli_ossuary_entry_decrepit_ruins
D:7:      layout_basic, minmay_temple_entry_overgrown
D:8:      layout_gridville, mainiacjoe_overflow_concentric_impassable,
          due_lair_maze_entry_diamond
Temple:   hellmonk_temple_of_storms
Lair:1:   layout_cave_pods, gammafunk_ghost_split, nicolae_lair_liquid_snakes,
          grunt_megastairs_5, lemuel_fruit_tree
Lair:2:   hellmonk_destroyed_diamonds, layout_cave_pods, dummy_snake_entry,
          beast_lair_carwin_3
Lair:3:   layout_chaotic_city, nicolae_shoals_entry_flooding,
          minmay_lindwurm_lava
Lair:4:   nzn_winding_woodlands_three_and_one
          [nzn_winding_woodlands_5x15_zeroes,
          nzn_winding_woodlands_5x15_lazy_stream,
          nzn_winding_woodlands_5x15_crooked,
          nzn_winding_woodlands_center_pierced_h], layout_big_grid, uniq_nessos

Skill      XL: |  1  2  3  4  5  6  7  8  9 10 11 12 13 |
---------------+----------------------------------------+-----
Ranged Weapons | 5 6 7 8 9 11 13 14 16 | 16.1
Fighting       | 3 4 5 6 7 8 10 11 12 | 12.7
Armour         | 1 2 3 4 6 |  6.0
Dodging        | 3 4 5 6 8 10 | 10.0
Invocations    | 1 4 8 9 |  9.2
Stealth        | |  0.7

Action                     |  1- 3 |  4- 6 |  7- 9 | 10-12 | 13-15 || total
---------------------------+-------+-------+-------+-------+-------++-------
   Fire: Shortbow          |   120 |   138 |   287 |       |       ||   545
         Orcbow            |       |       |    61 |   858 |    25 ||   944
 Invoke: Heroism           |       |       |     1 |    38 |     2 ||    41
    Use: Scroll            |     1 |    11 |     9 |     7 |     2 ||    30
         Potion            |       |     3 |     4 |     4 |     1 ||    12
 Armour: Leather armour    |     9 |       |       |       |       ||     9
         Ring mail         |     2 |    42 |    43 |    46 |       ||   133
         Steam dragon scal |       |       |       |    61 |    13 ||    74
  Dodge: Dodged            |    27 |    60 |   103 |   464 |    23 ||   677

Table legend:
 A = Non-vault XP
 B = Vault XP
 C = Vault XP percentage of total XP
 D = Non-vault monster count
 E = Vault monster count
 F = Vault count percentage of total count
                 A         B        C        D         E       F
            +---------+---------+-------+---------+---------+-------
      Total |   27513 |   12654 |  31.5 |     284 |     105 |  27.0
            +---------+---------+-------+---------+---------+-------
        D:1 |      57 |      10 |  14.9 |      34 |       6 |  15.0
        D:2 |      77 |      45 |  36.9 |      19 |       6 |  24.0
        D:3 |     195 |     205 |  51.2 |      15 |      23 |  60.5
        D:4 |     864 |     115 |  11.7 |      33 |       6 |  15.4
        D:5 |     820 |       0 |   0.0 |      18 |       0 |   0.0
        D:6 |     711 |       0 |   0.0 |       9 |       0 |   0.0
        D:7 |    2176 |     306 |  12.3 |      34 |       2 |   5.6
        D:8 |    1528 |    1204 |  44.1 |      26 |       9 |  25.7
     Lair:1 |    7157 |    1808 |  20.2 |      28 |       9 |  24.3
     Lair:2 |    4213 |     988 |  19.0 |      19 |       5 |  20.8
     Lair:3 |    6170 |    2426 |  28.2 |      33 |       4 |  10.8
     Lair:4 |    3545 |    5402 |  60.4 |      16 |      12 |  42.9
      Sewer |       0 |     125 | 100.0 |       0 |       3 | 100.0
    Ossuary |       0 |      20 | 100.0 |       0 |      20 | 100.0
            +---------+---------+-------+---------+---------+-------
